 Dungeon Crawl Stone Soup version 0.19-a0-453-g7eaa1ff (webtiles) character file.

65328 Katalist the Severer (level 14, 0/102 HPs)
             Began as a Minotaur Berserker on June 1, 2016.
             Was the Champion of Trog.
             Slain by a spiny frog (15 damage)
             ... on level 8 of the Lair of Beasts.
             The game lasted 00:56:26 (23158 turns).

Katalist the Severer (Minotaur Berserker)          Turns: 23158, Time: 00:56:26

Health: 0/102      AC: 21    Str: 22    XL:     14   Next: 75%
Magic:  13/13      EV: 16    Int:  4    God:    Trog [******]
Gold:   1327       SH:  0    Dex: 18    Spells: 0 memorised, 13 levels left

rFire  . . .     SeeInvis .     u - +0 battleaxe (venom)
rCold  . . .     Gourm    +     h - +0 plate armour
rNeg   . . .     Faith    .     (shield currently unavailable)
rPois  +         Spirit   .     (helmet restricted)
rElec  .         Dismiss  .     g - +0 cloak
rCorr  .         Reflect  .     E - +0 pair of gloves
SustAt .         Harm     .     z - +0 pair of boots
MR     +....     Clarity  +     R - amulet of the gourmand
Stlth  ..........               S - ring of poison resistance
                                w - +3 ring of dexterity

@: lethally poisoned (0 -> -1), somewhat resistant to hostile enchantments,
extremely unstealthy
A: retaliatory headbutt, horns 2, clarity
a: Berserk, Trog's Hand, Brothers in Arms, Burn Spellbooks, Renounce Religion


You were on level 8 of the Lair of Beasts.
You worshipped Trog.
Trog was exalted by your worship.
You were completely stuffed.

You visited 2 branches of the dungeon, and saw 20 of its levels.

You collected 1327 gold pieces.

Inventory:

Hand Weapons
 a - a +4 antimagic broad axe
 u - a +0 battleaxe of venom (weapon)
 L - a +1 antimagic executioner's axe
 Y - a +0 executioner's axe of chopping
Missiles
 f - 2 throwing nets (quivered)
Armour
 g - a +0 cloak (worn)
 h - a +0 plate armour (worn)
 z - a +0 pair of boots (worn)
 E - a +0 pair of gloves (worn)
Jewellery
 w - a +3 ring of dexterity (left hand)
 x - a +2 ring of strength
 M - the cursed ring of No Interval {EV-3 Int-4 Dex+4 Slay+3 SInv, unknown}
   (You found it on level 8 of the Lair of Beasts)

   [ring of evasion]

   It affects your evasion (-3).
   It affects your intelligence (-4).
   It affects your dexterity (+4).
   It affects your accuracy and damage with ranged weapons and melee attacks
   (+3).
   It lets you see invisible.
   It has a curse placed upon it.
 N - a +3 amulet of reflection
 R - an amulet of the gourmand (around neck)
 S - a ring of poison resistance (right hand)
Wands
 i - a wand of slowing (22/48)
 J - a wand of confusion (26/48)
 K - a wand of iceblast (5/15)
 V - a wand of paralysis (17/24)
Scrolls
 j - 3 scrolls of enchant armour {unknown}
 k - 4 scrolls of identify
 o - 2 scrolls of amnesia {unknown}
 p - 2 scrolls of random uselessness {unknown}
 q - 6 scrolls of magic mapping
 r - 2 scrolls of brand weapon {unknown}
 s - 4 scrolls of teleportation
 v - 6 scrolls of remove curse
 y - 2 scrolls of fear {unknown}
 I - 2 scrolls of recharging {unknown}
 O - a scroll of summoning {unknown}
 P - a scroll of enchant weapon {unknown}
 W - a scroll of vulnerability {unknown}
 X - 2 scrolls of blinking {unknown}
 Z - a scroll of fog {unknown}
Potions
 b - a potion of agility
 d - 4 potions of lignification
 e - 6 potions of brilliance
 l - 2 potions of haste
 m - 8 potions of curing
 t - 2 potions of invisibility
 B - 2 potions of ambrosia
 C - 2 potions of might
 D - a potion of heal wounds
 H - 4 potions of flight
 Q - 2 potions of cure mutation
 U - a potion of cancellation
Comestibles
 c - 10 bread rations
 n - 10 meat rations
 A - a royal jelly
 F - 4 beef jerkies
 G - 7 fruits
 T - a chunk of flesh


   Skills:
 - Level 3.6 Fighting
 - Level 20.7 Axes
 + Level 15.2 Armour
 + Level 13.9 Dodging


You had 13 spell levels left.
You didn't know any spells.

Dungeon Overview and Level Annotations

Branches:
Dungeon (12/15)            Temple (0/1) D:6            Lair (8/8) D:10
  Swamp (0/4) Lair:3       Spider (0/4) Lair:4        Slime (0/6) Lair:7
    Orc (0/2) D:12

Altars:
Ashenzari
Cheibriados
Dithmenos
Gozag
Kikubaaqudgha
Makhleb
Nemelex Xobeh
Okawaru
Uskayaw
Vehumet
Yredelemnul
Jiyva

Annotations:
D:4 Typerbomb's ghost, amateur DENe
Lair:7 1 runed door


Innate Abilities, Weirdness & Mutations

You reflexively headbutt those who attack you in melee.
You have a pair of horns on your head.
You possess an exceptional clarity of mind.


Message History

You feel sick.
You see here a wyvern skeleton.
You feel sick. The spiny frog misses you. You furiously retaliate!
You headbutt the spiny frog.
You feel sick.
You feel sick.
Your plate armour prevents you from hitting the spiny frog.
Your headbutt misses the spiny frog.
The spiny frog is lightly wounded.
You hit the plant.
The plant is lightly damaged.
The spiny frog stings you!
* * * LOW HITPOINT WARNING * * *
You slash the spiny frog!
The spiny frog is poisoned.
You headbutt the spiny frog, but do no damage.
The spiny frog is heavily wounded.
You hit the plant.
The plant is moderately damaged.
You feel sick. The spiny frog stings you!
You die...

##..##./###s
#.#...P.........
#....####...
#####P..........
#.PP.P..ys.. #P.........##
#.PP.....F.. #.....PP..#.#
#...†#### #####......PP.##
##..††.}### #..#.÷...PP...P.
###.†#...###
##..##...........
##.##....###........÷.......
#..##...÷..F@..............
##..##....PP...............
#...##.....P...÷÷........#
##...##..P......P........#
....###..........PP....P
#....##..........PP....#
...P..................
#PP..........P.......
...............


You could see a spiny frog.

Vanquished Creatures
  Maud (Lair:7)
  Snorg (Lair:5)
  The ghost of Katalist the Severer, a journeyman MiBe of Trog (D:11)
  9 hydras
  An ice dragon (D:9)
  An alligator (Lair:3)
  5 death yaks (Lair:8)
  Nergalle (Lair:4)
  2 hill giants
  An orc knight (D:8)
  A wolf spider (Lair:8)
  Pikel (D:5)
  2 ugly things
  A cyclops (D:9)
  2 hornets (Lair:8)
  An orc sorcerer (D:8)
  3 griffons
  Maurice (D:12)
  16 elephants
  A guardian serpent (Lair:8)
  The ghost of emerson the Cleaver, a novice MiBe of Trog (D:6)
  7 black mambas
  Joseph (Lair:1)
  A gargoyle (D:12)
  17 spiny frogs
  2 rime drakes
  14 komodo dragons
  An efreet (D:11)
  A troll (D:12)
  A merfolk (D:10)
  A giant leech (Lair:3)
  3 two-headed ogres
  3 blink frogs (Lair:5)
  2 redbacks (Lair:8)
  A shadow (D:11)
  A tarantella (Lair:4)
  2 wraiths (D:12)
  8 wyverns
  6 basilisks
  20 yaks
  5 hippogriffs
  2 vampire mosquitoes (Lair:5)
  21 wargs
  6 hungry ghosts
  14 porcupines
  17 water moccasins
  3 black bears
  10 ice beasts
  A swamp drake (Lair:5)
  14 orc warriors
  A wasp (Lair:8)
  3 sky beasts
  6 ogres
  A wolf (Lair:7)
  A phantom (D:7)
  10 centaurs
  2 necrophages
  2 big kobolds
  13 crocodiles
  5 gnoll sergeants (D:12)
  14 giant frogs
  2 scorpions
  A water moccasin skeleton (D:4)
  An electric eel (D:9)
  14 wights
  4 howler monkeys
  2 crimson imps
  A giant frog zombie (D:8)
  A wasp zombie (D:9)
  5 hounds
  3 jellies
  3 centaur skeletons
  5 orc priests
  12 orc wizards
  4 giant frog skeletons
  10 iguanas
  10 worker ants
  46 sheep
  2 hound zombies
  A worker ant zombie (D:9)
  Robin (D:2)
  8 gnolls
  16 adders
  80 river rats
  A shadow imp (D:6)
  An ooze (D:2)
  4 worms
  2 dart slugs
  4 giant geckos
  55 orcs
  2 giant cockroaches (D:3)
  18 goblins
  12 hobgoblins
  13 jackals
  3 quokkas
  6 bats
  6 giant newts
  A jackal zombie (D:6)
  15 kobolds
  6 rats
  2 bushes (Lair:7)
  9 fungi
  9 plants
697 creatures vanquished.

Vanquished Creatures (collateral kills)
  Rupert (D:12)
  A giant frog skeleton (D:12)
2 creatures vanquished.

Vanquished Creatures (others)
  A bush (Lair:7)
  3 fungi
  5 plants
9 creatures vanquished.

Grand Total: 708 creatures vanquished

Notes
Turn   | Place    | Note
--------------------------------------------------------------
     0 | D:1      | Katalist the Minotaur Berserker began the quest for the Orb.
     0 | D:1      | Reached XP level 1. HP: 19/19 MP: 0/0
   235 | D:1      | Reached skill level 4 in Axes
   504 | D:1      | Reached XP level 2. HP: 25/26 MP: 1/1
   893 | D:2      | Found a radiant altar of Vehumet.
   911 | D:2      | Reached skill level 5 in Axes
   911 | D:2      | Reached XP level 3. HP: 31/31 MP: 2/2
   916 | D:2      | Reached ** piety under Trog
   995 | D:2      | Reached XP level 4. HP: 39/39 MP: 3/3
  1014 | D:2      | Reached skill level 6 in Axes
  1810 | D:2      | Noticed Robin
  1826 | D:2      | Reached XP level 5. HP: 45/45 MP: 4/4
  1829 | D:2      | Killed Robin
  1829 | D:2      | Reached *** piety under Trog
  1829 | D:2      | Reached skill level 7 in Axes
  2750 | D:4      | Reached skill level 8 in Axes
  2753 | D:4      | Reached XP level 6. HP: 46/51 MP: 5/5
  2861 | D:4      | Reached skill level 9 in Axes
  2866 | D:4      | Noticed Typerbomb's ghost (amateur DENe)
  2889 | D:5      | Entered Level 5 of the Dungeon
  3031 | D:5      | Found a hide-covered altar of Uskayaw.
  3145 | D:5      | Got a brightly glowing dagger
  3146 | D:5      | Identified the +4 dagger "Aproh" {holy, rN+ Dex+4} (You found it on level 5 of the Dungeon)
  3369 | D:5      | Noticed Pikel
  3369 | D:5      | Noticed a slave
  3369 | D:5      | Noticed a slave
  3369 | D:5      | Noticed a slave
  3370 | D:5      | Noticed a slave
  3377 | D:5      | Reached XP level 7. HP: 40/57 MP: 6/6
  3379 | D:5      | Killed Pikel
  3379 | D:5      | Reached skill level 11 in Axes
  3590 | D:5      | Reached XP level 8. HP: 64/64 MP: 7/7
  3763 | D:6      | Noticed emerson's ghost (novice MiBe)
  3770 | D:6      | Reached skill level 12 in Axes
  3779 | D:6      | Killed emerson's ghost
  3785 | D:6      | Found a basalt altar of Yredelemnul.
  3794 | D:6      | Found a shadowy altar of Dithmenos.
  3796 | D:6      | Found an ancient bone altar of Kikubaaqudgha.
  3845 | D:6      | Reached skill level 13 in Axes
  3948 | D:6      | Found a staircase to the Ecumenical Temple.
  3983 | D:6      | Reached **** piety under Trog
  4137 | D:6      | Found a sparkling altar of Nemelex Xobeh.
  4451 | D:7      | Reached XP level 9. HP: 58/70 MP: 8/8
  4458 | D:7      | Reached skill level 14 in Axes
  5518 | D:8      | Noticed a seven-headed hydra
  5869 | D:8      | Found a burning altar of Makhleb.
  6095 | D:8      | Reached skill level 5 in Armour
  6387 | D:8      | Noticed an orc sorcerer
  6413 | D:8      | Reached skill level 5 in Dodging
  6426 | D:8      | Killed an orc sorcerer
  6428 | D:8      | Reached XP level 10. HP: 30/77 MP: 9/9
  7134 | D:8      | Reached ***** piety under Trog
  7517 | D:8      | Noticed an orc knight
  7529 | D:8      | Killed an orc knight
  8285 | D:9      | Found a shattered altar of Ashenzari.
  8426 | D:9      | Found an iron altar of Okawaru.
  8441 | D:9      | Noticed a cyclops
  8444 | D:9      | Received a gift from Trog
  8459 | D:9      | Killed a cyclops
  8459 | D:9      | Reached skill level 10 in Armour
  8459 | D:9      | Reached XP level 11. HP: 74/82 MP: 10/10
  8725 | D:9      | Found a snail-covered altar of Cheibriados.
  8835 | D:9      | Noticed an ice dragon
  8848 | D:9      | Killed an ice dragon
  9600 | D:10     | Entered Level 10 of the Dungeon
  9691 | D:10     | Reached skill level 10 in Dodging
  9809 | D:10     | Found a staircase to the Lair.
  9894 | D:10     | Found an opulent altar of Gozag.
 10217 | D:10     | Noticed a hill giant
 10226 | D:10     | Killed a hill giant
 10672 | D:11     | Noticed a red ugly thing
 10684 | D:11     | Killed a red ugly thing
 11095 | D:11     | Noticed Katalist's ghost (journeyman MiBe)
 11109 | D:11     | Killed Katalist's ghost
 11197 | D:11     | Found a frozen archway.
 11488 | D:12     | Noticed Maurice
 11500 | D:12     | Killed Maurice
 11500 | D:12     | Reached XP level 12. HP: 89/89 MP: 3/11
 11580 | D:12     | Noticed a four-headed hydra
 11591 | D:12     | Killed a nine-headed hydra
 11755 | D:12     | Noticed Rupert
 11756 | D:12     | Noticed an eight-headed hydra
 11771 | D:12     | Killed Rupert
 11772 | D:12     | Killed a 13-headed hydra
 12200 | D:12     | Found a staircase to the Orcish Mines.
 12646 | Lair:1   | Entered Level 1 of the Lair of Beasts
 13046 | Lair:1   | Noticed a five-headed hydra
 13055 | Lair:1   | Killed a nine-headed hydra
 13055 | Lair:1   | Reached skill level 15 in Axes
 13198 | Lair:1   | Noticed Joseph
 13211 | Lair:1   | Killed Joseph
 13541 | Lair:1   | Reached ****** piety under Trog
 13668 | Lair:2   | Found a shattered altar of Ashenzari.
 13679 | Lair:2   | Reached skill level 16 in Axes
 13978 | Lair:2   | Received a gift from Trog
 14423 | Lair:2   | Reached XP level 13. HP: 84/94 MP: 4/12
 14545 | Lair:2   | Gained mutation: You possess an exceptional clarity of mind. [potion of beneficial mutation]
 15025 | Lair:2   | Upgraded the game from 0.19-a0-414-g76fec5b to 0.19-a0-453-g7eaa1ff
 15442 | Lair:3   | Reached skill level 17 in Axes
 15947 | Lair:3   | Found a staircase to the Swamp.
 16054 | Lair:3   | Received a gift from Trog
 16906 | Lair:4   | Noticed Nergalle
 16917 | Lair:4   | Killed Nergalle
 16974 | Lair:4   | Reached skill level 18 in Axes
 17477 | Lair:4   | Found a hole to the Spider Nest.
 18313 | Lair:5   | Noticed Snorg
 18329 | Lair:5   | Killed Snorg
 18920 | Lair:6   | Reached skill level 19 in Axes
 18960 | Lair:6   | Received a gift from Trog
 20667 | Lair:7   | Noticed Maud
 20676 | Lair:7   | Killed Maud
 20680 | Lair:7   | Reached XP level 14. HP: 92/102 MP: 4/13
 20955 | Lair:7   | Reached skill level 20 in Axes
 21151 | Lair:7   | Found a runed door.
 21151 | Lair:7   | Found a viscous altar of Jiyva.
 21152 | Lair:7   | Noticed an acid blob
 21156 | Lair:7   | Found a staircase to the Slime Pits.
 21156 | Lair:7   | Noticed an acid blob
 21156 | Lair:7   | Noticed an acid blob
 21708 | Lair:7   | Received a gift from Trog
 22394 | Lair:8   | Entered Level 8 of the Lair of Beasts
 22410 | Lair:8   | Got a vibrating silver ring
 22946 | Lair:8   | Reached skill level 15 in Armour
 23158 | Lair:8   | Slain by a spiny frog

Vault maps used:
D:1:      elethiomel_arrival_maze
D:2:      kennysheep_goblin_castle, old_standard_altar, first_bread
D:4:      eino_curves_04, kennysheep_generic_room_8, uniq_grinder,
          uniq_crazy_yiuf_cottage, uniq_purgy
D:5:      kennysheep_mini, minmay_misc_feat_iff, uniq_pikel
D:6:      kennysheep_mini_moat, gammafunk_temple_overflow_forgotten,
          minmay_temple_entry_statues_fountains
D:8:      lemuel_castle_with_subvaults, old_standard_altar
D:9:      dragon1_lemuel, overflow_temple_1_default, lemuel_doored_altar,
          overflow_temple_1_default
D:10:     erik_lair_orcish_takeover, basic_altar, hangedman_fish_farm
D:11:     portal_ice_cave_entry_ice_beasts, minmay_misc_feat_tiny
D:12:     kennysheep_orc_monster_closet_entryway, grunt_ministairs_7,
          basic_loot_grate_trap, uniq_rupert, uniq_maurice
Lair:1:   hibernation_bobbens, uniq_joseph
Lair:2:   basic_altar, beast_lair_carwin_6
Lair:3:   minmay_swamp_entry_worms, kennysheep_basilisk_garden,
          serial_bayou_shore_a
Lair:4:   spider_nest_entry_rubble, infiniplex_staircase_pool_2,
          grunt_megastairs_2, uniq_nergalle
Lair:5:   small_statue_intersection, pond, grunt_megastairs_3, uniq_snorg
Lair:6:   infiniplex_staircase_pool
Lair:7:   slime_altar_2, serial_bayou_pond_b, serial_bayou_ford_a,
          cheibrodos_lair_reptile_den, uniq_maud
Lair:8:   hangedman_lair_tendril_chambers, guppyfry_lair_end_dragon

Skill      XL: |  1  2  3  4  5  6  7  8  9 10 11 12 13 14 |
---------------+-------------------------------------------+-----
Axes           | 4 5 6 8 9 11 13 14 16 19 20 | 20.7
Armour         | 6 10 12 14 15 | 15.2
Dodging        | 5 9 11 13 | 13.9
Fighting       | |  3.6

Action                   |  1- 3 |  4- 6 |  7- 9 | 10-12 | 13-15 || total
-------------------------+-------+-------+-------+-------+-------++-------
Melee: Hand axe          |    79 |   146 |   199 |   249 |       ||   673
       Headbutt          |     9 |    31 |    52 |   187 |   199 ||   478
       Dagger            |       |     5 |       |       |       ||     5
       Broad axe         |       |       |       |   568 |   569 ||  1137
       Executioner's axe |       |       |       |       |    34 ||    34
       Battleaxe         |       |       |       |       |   149 ||   149
Throw: Throwing net      |       |       |       |       |     1 ||     1
Invok: Berserk           |     1 |     2 |     5 |    13 |    11 ||    32
       Trog's Hand       |       |     1 |       |     1 |       ||     2
       Burn Spellbooks   |       |       |     1 |     2 |     2 ||     5
       Brothers in Arms  |       |       |       |     1 |       ||     1
Evoke: Wand              |       |       |     4 |       |       ||     4
  Use: Scroll            |       |     6 |     6 |       |    12 ||    24
       Potion            |       |       |       |     1 |     2 ||     3
  Eat: Chunk             |       |    10 |    14 |    46 |    41 ||   111
       Beef jerky        |       |       |     1 |     2 |       ||     3
       Fruit             |       |       |     1 |       |       ||     1
       Meat ration       |       |       |       |     1 |       ||     1
       Pizza             |       |       |       |     1 |       ||     1
       Royal jelly       |       |       |       |     1 |       ||     1
Armor: Animal skin       |     2 |       |       |       |       ||     2
       Plate armour      |    31 |   101 |   101 |   338 |   365 ||   936
Dodge: Dodged            |    37 |    44 |    68 |   437 |   502 ||  1088
